 Dungeon Crawl Stone Soup version 0.21-a0-243-g597973d (webtiles) character file.

2985 Jeffwins the Summoner (level 9, -9/59 HPs)
             Began as a Mummy Summoner on Sept 4, 2017.
             Was a Believer of Kikubaaqudgha.
             Mangled by TySteely's ghost (14 damage)
             ... on level 8 of the Dungeon.
             The game lasted 00:30:07 (11522 turns).

Jeffwins the Summoner (Mummy Summoner)             Turns: 11522, Time: 00:30:07

Health: -9/59      AC:  5    Str: 12    XL:     9   Next: 53%
Magic:  2/15       EV: 11    Int: 17    God:    Kikubaaqudgha [**....]
Gold:   485        SH:  4    Dex: 12    Spells: 1/16 levels left

rFire    x . .     SeeInvis +   B - +3 flail (pain)
rCold    + . .     Gourm    .   K - +0 buckler
rNeg     + + +     Faith    .   a - +1 robe
rPois    ∞         Spirit   .   (no helmet)
rElec    .         Reflect  .   g - +0 cloak
rCorr    .         Harm     .   (no gloves)
MR       ++...                  h - +0 pair of boots (curse)
Stlth    ++........             (no amulet)
HPRegen  0.19/turn              j - ring of protection from magic
MPRegen  0.14/turn              o - ring of see invisible

@: no status effects
A: no food or potions, fire vulnerability, cold resistance 1, negative energy
resistance 3, torment resistance, unbreathing
a: Receive Corpses, Renounce Religion


You were on level 8 of the Dungeon.
You worshipped Kikubaaqudgha.
Kikubaaqudgha was pleased with you.
You were not hungry.

You visited 2 branches of the dungeon, and saw 9 of its levels.
You also visited: Sewer.

You collected 485 gold pieces.

Inventory:

Hand Weapons
 l - the +4 dagger of Eternity {pierce, +Rage rPois Str+7}
   (You found it in a sewer)

   It inflicts extra damage upon your enemies.
   It affects your strength (+7).
   It protects you from poison.
   It lets you go berserk.
 q - a +2 whip of venom
 r - a cursed +0 trident
 y - a +0 blowgun
 B - a +3 flail of pain (weapon)
 C - a +0 dagger of venom
 N - the +5 trident of the Butterfly {flame, Str+5}
   (You found it on level 8 of the Dungeon)

   It has been specially enchanted to burn those struck by it, causing extra
   injury to most foes and up to half again as much damage against particularly
   susceptible opponents.
   It affects your strength (+5).
Missiles
 k - 251 stones (quivered)
 m - 6 needles of confusion
 n - 5 needles of sleeping
 z - 5 poisoned needles
Armour
 a - a +1 robe (worn)
 g - a +0 cloak (worn)
 h - a cursed +0 pair of boots (worn)
 K - a +0 buckler (worn)
Jewellery
 j - a ring of protection from magic (left hand)
 o - a ring of see invisible (right hand)
 J - an uncursed ring of protection from magic
Wands
 s - a wand of digging (11/24)
 x - a wand of polymorph (8/24)
 E - a wand of flame (5/48)
 H - a wand of flame (20/48)
 I - a wand of iceblast (4/15)
 L - a wand of random effects (35/48)
 M - a wand of flame (25/48)
Scrolls
 c - a scroll of recharging {unknown}
 d - 10 scrolls of identify {unknown}
 e - 2 scrolls of fear {unknown}
 f - 3 scrolls of enchant weapon
 i - 2 scrolls of fog {unknown}
 p - 5 scrolls of remove curse
 u - 2 scrolls of magic mapping {unknown}
 w - 3 scrolls of teleportation
 D - a scroll of enchant armour
 F - a scroll of noise {unknown}
 G - a scroll of random uselessness {unknown}
Books
 b - a book of Callings

   Spells                             Type                      Level
   a - Summon Small Mammal            Summoning                    1
   b - Call Imp                       Summoning                    2
   c - Call Canine Familiar           Summoning                    3
   d - Summon Guardian Golem          Hexes/Summoning              3
   e - Summon Lightning Spire         Summoning/Air                4
   f - Summon Ice Beast               Ice/Summoning                4
 t - a book of Air

   Spells                             Type                      Level
   a - Shock                          Conjuration/Air              1
   b - Swiftness                      Charms/Air                   2
   c - Static Discharge               Conjuration/Air              3
   d - Airstrike                      Air                          4
   e - Lightning Bolt                 Conjuration/Air              5
 v - a book of Geomancy

   Spells                             Type                      Level
   a - Sandblast                      Earth                        1
   b - Passwall                       Transmutation/Earth          2
   c - Stone Arrow                    Conjuration/Earth            3
   d - Petrify                        Transmutation/Earth          4
   e - Lee's Rapid Deconstruction     Earth                        5
 A - Kikubaaqudgha's Almanac of Stolen Souls
   (Kikubaaqudgha gifted it to you on level 5 of the Dungeon)

   Spells                             Type                      Level
   a - Animate Skeleton               Necromancy                   1
   b - Pain                           Necromancy                   1
   c - Corpse Rot                     Necromancy                   2
   d - Vampiric Draining              Necromancy                   3
   e - Control Undead                 Necromancy                   4


   Skills:
 + Level 1.3 Fighting
 + Level 2.2 Maces & Flails
 - Level 1.5 Dodging
 - Level 1.5 Stealth
 + Level 1.7 Shields
 - Level 4.0 Spellcasting
 * Level 8.5 Summonings
 * Level 4.4 Necromancy
 + Level 3.3 Ice Magic
 + Level 3.9 Air Magic


You had one spell level left.
You knew the following spells:

 Your Spells              Type           Power        Failure   Level  Hunger
a - Pain                  Necr           ###.         3%          1    N/A
b - Call Imp              Summ           ####....     1%          2    N/A
c - Call Canine Familiar  Summ           ####....     1%          3    N/A
d - Summon Lightning Spi  Summ/Air       ###.....     16%         4    N/A
e - Summon Ice Beast      Ice/Summ       ###.....     17%         4    N/A
f - Summon Small Mammal   Summ           ####         1%          1    N/A

Dungeon Overview and Level Annotations

Branches:
Dungeon (8/15)             Temple (1/1) D:5            Lair (0/6) D:8

Altars:
Ashenzari
Cheibriados
Dithmenos
Elyvilon
Fedhas
Gozag
Hepliaklqana
Kikubaaqudgha
Makhleb
Nemelex Xobeh
Okawaru
Qazlal
Ru
Sif Muna
Trog
Uskayaw
Vehumet
Wu Jian
Xom
Yredelemnul
Zin
The Shining One

Annotations:
D:8 TySteely's ghost, novice DrGl


Innate Abilities, Weirdness & Mutations

You do not eat or drink.
Your flesh is vulnerable to fire.
You are immune to poison.
Your flesh is cold resistant. (rC+)
You are immune to negative energy. (rN+++)
You are immune to unholy pain and torment.
You can survive without breathing.


Message History

Aiming: Throw Flame (will waste charges)
Press: ? - help, Shift-Dir - straight line, f/p - TySteely's ghost
Aim: TySteely's ghost (severely damaged)
The puff of flame misses TySteely's ghost.
Evoking this partially-identified wand wasted a few charges.
TySteely's ghost closely misses you. TySteely's ghost barely misses you.
Things that are here:
a giant spiked club x2; a two-headed ogre corpse TySteely's ghost hits you!
* * * LOW HITPOINT WARNING * * *
TySteely's ghost says, "You must not fail where I succeeded!"
Casting: Call Canine Familiar
Confirm with . or Enter, or press ? or * to list all spells.
Okay, then.
Casting: Call Canine Familiar
Confirm with . or Enter, or press ? or * to list all spells.
TySteely's ghost hits you!
You die...
Kikubaaqudgha rasps: "You have failed me!
Welcome... oblivion!"

...... #.####..##
...... #........#
..... #.%..##..# ...
#[... #..# .# ##..
#..# .# #.. #..# .#
#############..# .#
#..............# .#
#............@.## .#
#....).).....Wh.##
.###........#.#.....#
......W(.(..._...#..##
.....)#######.#...>..#
......# #.#...####
......# #...(.#
(.....# ###.).#
......# ####.))######


You could see TySteely's ghost and a friendly hound.

Vanquished Creatures
  A two-headed ogre (D:8)
  Eustachio (D:6)
  2 orc warriors
  A sky beast (D:7)
  A black bear (D:7)
  A centaur (D:8)
  A phantom (D:5)
  3 big kobolds
  A bullfrog (D:7)
  2 scorpions
  A bullfrog zombie (D:6)
  6 crimson imps
  3 hounds
  2 centaur skeletons
  A jelly (D:6)
  7 orc wizards
  3 worker ants
  2 gnolls (D:8)
  A howler monkey skeleton (D:4)
  9 adders
  An ooze (D:2)
  2 adder skeletons
  A worm (D:7)
  A dart slug (D:4)
  3 leopard geckos
  24 orcs
  8 bats
  3 giant cockroaches
  6 hobgoblins
  5 jackals
  4 quokkas
  8 ball pythons
  10 frilled lizards
  6 goblins
  A jackal skeleton (D:4)
  A jackal zombie (D:5)
  13 kobolds
  A leopard gecko skeleton (D:4)
  16 rats
163 creatures vanquished.

Vanquished Creatures (collateral kills)
  The ghost of Blomdor the Skirmisher, an amateur BaWz (D:3)
  The ghost of Blomdor the Cudgeler, an amateur BaWz (D:4)
  An orc warrior (D:8)
  2 ice beasts
  A phantom (D:4)
  4 ogres
  A big kobold (Sewer)
  A scorpion (D:8)
  A crimson imp (D:5)
  A quasit (D:7)
  5 orc priests
  Crazy Yiuf (D:6)
  A hound (D:4)
  Jessica (D:3)
  2 orc wizards
  A gnoll (D:8)
  3 adders
  11 orcs
  A goblin (D:3)
  A hobgoblin (D:2)
  A quokka (D:4)
  A frilled lizard (D:3)
  8 kobolds
  A rat (D:1)
52 creatures vanquished.

Grand Total: 215 creatures vanquished

Notes
Turn   | Place    | Note
-------+----------+-------------------------------------------
     0 | D:1      | Jeffwins the Mummy Summoner began the quest for the Orb.
     0 | D:1      | Reached XP level 1. HP: 13/13 MP: 4/4
   396 | D:1      | Reached XP level 2. HP: 19/19 MP: 5/5
   412 | D:1      | Learned a level 2 spell: Call Imp
  1350 | D:2      | Reached skill level 4 in Summonings
  1432 | D:2      | Reached XP level 3. HP: 17/24 MP: 1/7
  1491 | D:2      | Learned a level 3 spell: Call Canine Familiar
  2144 | D:2      | Found a shadowy altar of Dithmenos.
  2462 | D:2      | Reached XP level 4. HP: 20/30 MP: 5/8
  2612 | D:2      | You fall through a shaft for 2 floors!
  2617 | D:4      | Found a hide-covered altar of Uskayaw.
  2617 | D:4      | Found a burning altar of Makhleb.
  2644 | D:4      | Noticed Blomdor's ghost (amateur BaWz)
  2662 | D:4      | Killed Blomdor's ghost
  2662 | D:4      | Reached skill level 5 in Summonings
  2662 | D:4      | Reached XP level 5. HP: 12/35 MP: 1/9
  2830 | D:4      | Found an ornate altar of the Wu Jian Council.
  2899 | D:4      | Noticed an ogre
  2911 | D:4      | Killed an ogre
  2939 | D:4      | Noticed a phantom
  2978 | D:4      | Killed a phantom
  2978 | D:4      | Reached skill level 6 in Summonings
  2978 | D:4      | Reached XP level 6. HP: 7/41 MP: 0/10
  3020 | D:4      | HP: 2/41 [centaur skeleton (5)]
  3140 | D:4      | Found a glowing drain.
  3169 | D:4      | HP: 2/41 [adder (3)]
  3191 | Sewer    | Entered a sewer
  3483 | Sewer    | Learned a level 4 spell: Summon Lightning Spire
  3516 | Sewer    | Got a smoking dagger
  3517 | Sewer    | Identified the +4 dagger of Eternity {pierce, +Rage rPois Str+7} (You found it in a sewer)
  3834 | Sewer    | Reached skill level 1 in Air Magic
  3943 | D:3      | Noticed Jessica
  3949 | D:3      | Killed Jessica
  4124 | D:2      | Found an opulent altar of Gozag.
  4336 | D:3      | Reached XP level 7. HP: 44/46 MP: 12/12
  4750 | D:3      | Noticed Blomdor's ghost (amateur BaWz)
  4764 | D:3      | Killed Blomdor's ghost
  5361 | D:4      | Reached skill level 7 in Summonings
  5368 | D:4      | Learned a level 4 spell: Summon Ice Beast
  5642 | D:4      | Found an iron altar of Okawaru.
  6216 | D:5      | Entered Level 5 of the Dungeon
  6291 | D:5      | Found a staircase to the Ecumenical Temple.
  6297 | Temple   | Entered the Ecumenical Temple
  6416 | Temple   | Became a worshipper of Kikubaaqudgha
  6449 | D:5      | Reached skill level 1 in Ice Magic
  6726 | D:5      | Found a hazy altar of Hepliaklqana.
  6865 | D:5      | Found a blossoming altar of Fedhas.
  6907 | D:5      | Found a basalt altar of Yredelemnul.
  6967 | D:5      | Reached XP level 8. HP: 39/52 MP: 14/14
  7031 | D:5      | Found a shimmering altar of Xom.
  7455 | D:5      | Reached * piety under Kikubaaqudgha
  7455 | D:5      | Identified Kikubaaqudgha's Almanac of Stolen Souls (Kikubaaqudgha gifted it to you on level 5 of the Dungeon)
  7455 | D:5      | Received a gift from Kikubaaqudgha
  7472 | D:5      | Learned a level 1 spell: Pain
  7972 | D:6      | Found a runed door.
  7976 | D:6      | Noticed Crazy Yiuf
  7981 | D:6      | Killed Crazy Yiuf
  8009 | D:6      | Reached skill level 1 in Necromancy
  8202 | D:6      | Reached skill level 8 in Summonings
  8586 | D:6      | Reached skill level 1 in Maces & Flails
  9057 | D:6      | Reached ** piety under Kikubaaqudgha
  9118 | D:6      | Noticed Eustachio
  9154 | D:6      | Killed Eustachio
 10095 | D:7      | Reached XP level 9. HP: 50/57 MP: 15/15
 10433 | D:7      | Reached skill level 1 in Shields
 10977 | D:7      | Found a snail-covered altar of Cheibriados.
 11080 | D:8      | Found a shattered altar of Ashenzari.
 11091 | D:8      | Got a slimy trident
 11103 | D:8      | Identified the +5 trident of the Butterfly {flame, Str+5} (You found it on level 8 of the Dungeon)
 11404 | D:8      | Found a white marble altar of Elyvilon.
 11408 | D:8      | Noticed TySteely's ghost (novice DrGl)
 11411 | D:8      | Noticed a two-headed ogre
 11425 | D:8      | Found a staircase to the Lair.
 11474 | D:8      | Killed a two-headed ogre
 11474 | D:8      | Reached skill level 1 in Fighting
 11508 | D:8      | HP: 2/59 [TySteely's ghost (9)]
 11522 | D:8      | Mangled by TySteely's ghost

Vault maps used:
D:1:      dpeg_arrival_ratfight
D:2:      lemuel_crystal_altar, nicolae_gozag_cash_rules_everything_around_me,
          first_bread
D:3:      wad_floor_pattern_2, minmay_item_behind_shaft, uniq_jessica
D:4:      minmay_diamond_boxcup, marbit_many_paths, okawaru_metal_pillars_1_2,
          chequers_temple_overflow_statue_of_worship, portal_sewer_entry_d
D:5:      lemuel_coloured_pillars_altar, old_standard_altar, led_xom_imps,
          lemuel_crystal_altar, minmay_temple_entry_hall
D:6:      hangedman_decor_push, nicolae_underground_beach, uniq_eustachio,
          uniq_crazy_yiuf_cottage
D:7:      black_bear_nest_2, cheibrodos_worm_habitat, serial_bayou,
          serial_bayou_pond_d, serial_bayou_pond_d, serial_bayou_lagoon_a,
          serial_bayou_pond_d
D:8:      elyvilon_altar_5, ashenzari_altar_1
Temple:   nicolae_temple_figure_zero
Sewer:    kennysheep_pipe_town

Skill      XL: |  1  2  3  4  5  6  7  8  9 |
---------------+----------------------------+-----
Summonings     | 4 5 6 7 8 |  8.5
Spellcasting   | 3 4 |  4.0
Air Magic      | 1 2 3 |  3.9
Ice Magic      | 1 3 |  3.3
Necromancy     | 3 4 |  4.4
Maces & Flails | 1 2 |  2.2
Shields        | 1 |  1.7
Fighting       | 1 |  1.3
Dodging        | |  1.5
Stealth        | |  1.5

Action                   |  1- 3 |  4- 6 |  7- 9 || total
-------------------------+-------+-------+-------++-------
Melee: Unarmed           |    27 |       |       ||    27
       Club              |     9 |       |       ||     9
       Mace              |   125 |    59 |       ||   184
       Dagger            |       |    59 |   237 ||   296
       Flail             |       |       |   167 ||   167
 Fire: Blowgun           |       |       |     3 ||     3
Throw: Stone             |    11 |       |     2 ||    13
 Cast: Call Imp          |     9 |    15 |     6 ||    30
       Call Canine Famil |       |    10 |     9 ||    19
       Summon Lightning  |       |     1 |    20 ||    21
       Pain              |       |       |    23 ||    23
       Summon Ice Beast  |       |       |     3 ||     3
Evoke: Wand              |       |       |     8 ||     8
  Use: Scroll            |       |     5 |       ||     5
 Stab: Sleeping          |     4 |     1 |     4 ||     9
       Distracted        |     1 |     1 |     4 ||     6
Armor: Robe              |    35 |    37 |    93 ||   165
Dodge: Dodged            |   138 |    83 |   236 ||   457
Block: Buckler           |       |       |    14 ||    14

Table legend:
 A = Spawn XP
 B = Non-spawn XP
 C = Spawn XP percentage of total XP
 D = Spawn monster count
 E = Non-spawn monster count
 F = Spawn count percentage of total count
 G = Total turns spent on level
                    A         B        C        D         E        F      G
               +---------+---------+-------+---------+---------+-------+---------
         Total |     842 |    3423 |  19.7 |      37 |     178 |  17.2 | 11522
               +---------+---------+-------+---------+---------+-------+---------
           D:1 |       4 |      25 |  13.8 |       3 |      22 |  12.0 |  1331
           D:2 |      10 |      87 |  10.3 |       3 |      22 |  12.0 |  1480
           D:3 |       7 |     285 |   2.4 |       4 |      26 |  13.3 |  1112
           D:4 |      43 |     478 |   8.3 |       3 |      16 |  15.8 |  1620
           D:5 |     119 |     585 |  16.9 |       6 |      26 |  18.8 |  1475
           D:6 |     132 |     622 |  17.5 |       4 |      23 |  14.8 |  1976
           D:7 |     419 |     230 |  64.6 |      13 |       7 |  65.0 |  1228
           D:8 |     108 |     884 |  10.9 |       1 |      12 |   7.7 |   495
         Sewer |       0 |     227 |   0.0 |       0 |      24 |   0.0 |   673
               +---------+---------+-------+---------+---------+-------+---------
